Map: Scythe of Amon

Players

LilArrin

  • Race: Protoss Protoss
  • Spawn Location: 5:00

LilArrin

  • Race: Protoss Protoss
  • Spawn Location: 5:00

VOD

Have the link to the VOD?

Description

Time

  • Played on: Feb. 16, 2018, 2:46 a.m.
  • Length: 16:33
Show
View Real Time Build Order
Export as new Build Order

LilArrin Protoss 

Build Orders:  

Get SALT Encoding   

  12  0:03  Probe (Chrono Boost)  
  13  0:16  Probe (Chrono Boost)  
  14  0:27  Probe (Chrono Boost)  
  15  0:35  Gateway  
  15  0:42  Probe (Chrono Boost)  
  16  0:53  Probe (Chrono Boost)  
  16  0:56  Assimilator  
  17  1:05  Probe (Chrono Boost)  
  17  1:09  Assimilator  
  18  1:16  Probe (Chrono Boost)  
  19  1:27  Probe (Chrono Boost)  
  20  1:38  Probe (Chrono Boost)  
  21  1:44  Cybernetics Core  
  21  1:49  Probe (Chrono Boost)  
  22  1:57  Pylon  
  22  2:03  Probe (Chrono Boost)  
  23  2:14  Probe (Chrono Boost)  
  24  2:25  Probe (Chrono Boost)  
  25  2:46  Probe (Chrono Boost)  
  25  2:47  Twilight Council  
  25  2:49  Zealot  
  28  2:57  Probe (Chrono Boost)  
  29  3:07  Whirlwind  
  29  3:08  Probe (Chrono Boost)  
  30  3:13  Zealot  
  30  3:19  Gateway  
  32  3:27  Zealot  
  34  3:45  Zealot  
  36  3:53  Zealot  
  38  4:17  Charge  
  38  4:23  Zealot  
  38  4:28  Protoss Ground Weapons Level 1  
  40  4:31  Robotics Facility  
  40  4:37  Forge  
  40  4:56  Zealot  
  40  4:57  Zealot  
  42  5:26  Singularity Charge  
  42  5:38  Immortal  
  46  6:07  Immortal  
  50  6:11  Protoss Ground Weapons Level 2  
  50  6:29  Dragoon  
  52  6:30  Dragoon  
  54  6:54  Dragoon x2  
  58  7:27  Immortal  
  62  7:32  Dragoon  
  62  7:35  Zealot  
  66  7:42  Dragoon  
  68  7:57  Zealot  
  70  8:10  Immortal  
  72  8:36  Dragoon x2  
  76  8:53  Zealot x2  
  80  9:11  Zealot  
  80  9:15  Trillic Compresion Mesh  
  82  9:31  Dragoon  
  82  9:33  Zealot  
  86  9:47  Zealot  
  88  9:56  Immortal  
  81  10:23  Dragoon x2  
  75  10:35  Dragoon  
  75  10:54  Dragoon  
  77  11:04  Zealot  
  75  11:10  Immortal  
  79  11:24  Dragoon  
  81  11:51  Observer  
  82  12:01  Zealot x2  
  84  12:12  Immortal  
  84  12:31  Zealot x2  
  84  12:33  Dragoon  
  88  12:57  Immortal  
  92  13:00  Zealot  
  92  13:07  Zealot  
  94  13:26  Immortal  
  98  13:47  Immortal  
  92  14:08  Immortal  
  93  14:19  Zealot  
  95  14:38  Immortal  
  99  14:50  Dragoon  
  99  14:59  Dragoon  
  103  15:25  Observer  
  102  15:33  Zealot, Dragoon  
  102  15:34  Zealot  
  108  15:55  Zealot  
  108  15:58  Dragoon  
  108  15:59  Dragoon  
  104  16:13  Dragoon  
Show
View Real Time Build Order
Export as new Build Order

LilArrin Protoss 

Build Orders:  

Get SALT Encoding   

Tags
 
Commander
ArtanisFenix
Matchup
Co-op
Replay Pack
Co-op Speedrun
Add a new tag
Caveats
  • Supply blocks, unpowered buildings, or Contaminate may cause inaccurate times.
  • Supply counts are checked every 10 seconds.